 Dungeon Crawl Stone Soup version 0.21-a0-450-gd87a9b2 (webtiles) character file.

885 Laiders the Basher (level 8, 0/58 HPs)
             Began as a Formicid Fighter on Nov 19, 2017.
             Slain by an orc warrior
             ... wielding a +0 glaive
              (27 damage)
             ... on level 6 of the Dungeon.
             The game lasted 00:09:09 (5059 turns).

Laiders the Basher (Formicid Fighter)               Turns: 5059, Time: 00:09:10

Health: 0/58       AC: 10    Str: 27    XL:     8   Next: 26%
Magic:  8/8        EV:  6    Int:  9    God:
Gold:   205        SH: 10    Dex: 10    Spells: 7/7 levels left

rFire    + . .     SeeInvis +   a - +1 flail
rCold    . . .     Gourm    .   c - +0 shield
rNeg     . . .     Faith    .   q - +0 chain mail
rPois    .         Spirit   .   (helmet unavailable)
rElec    .         Reflect  .   (no cloak)
rCorr    .         Harm     .   k - +0 pair of gloves
MR       .....                  (no boots)
Stlth    ..........             (no amulet)
HPRegen  0.19/turn              e - ring of protection from fire
MPRegen  0.11/turn              (no ring)

@: mighty
A: permanent stasis, dig shafts and tunnels, four strong arms, antennae 3
a: Dig, Shaft Self


You were on level 6 of the Dungeon.
You were not hungry.

You visited 1 branch of the dungeon, and saw 6 of its levels.

You collected 205 gold pieces.

Inventory:

Hand Weapons
 a - a +1 flail (weapon)
Missiles
 u - 4 tomahawks (quivered)
Armour
 c - a +0 shield (worn)
 k - a +0 pair of gloves (worn)
 q - a +0 chain mail (worn)
Jewellery
 e - a ring of protection from fire (left hand)
 o - an uncursed ring of ice
Wands
 m - a wand of lightning (8/15)
 t - a wand of flame (29/48)
Scrolls
 j - 2 scrolls of magic mapping
 p - 2 scrolls of identify
 r - a scroll of random uselessness {unknown}
 v - a scroll of remove curse
Potions
 b - 2 potions of flight
 g - 2 potions of heal wounds
 n - a potion of agility
 s - a potion of curing
Comestibles
 f - 5 bread rations
 h - a royal jelly
 i - 3 fruits
 l - 3 meat rations


   Skills:
 - Level 3.2 Fighting
 + Level 9.1 Maces & Flails
 - Level 3.2 Armour
 - Level 3.6 Shields


You had 7 spell levels left.
You didn't know any spells.

Dungeon Overview and Level Annotations

Branches:
Dungeon (6/15)
 Temple: D:4-7

Altars:
Ashenzari
Gozag
Ru
Wu Jian
Xom
The Shining One


Innate Abilities, Weirdness & Mutations

You cannot be hasted, slowed, berserked, paralysed or teleported.
You can dig through walls and to a lower floor.
Your four strong arms can wield two-handed weapons with a shield.
You have a pair of large antennae on your head. (SInv)


Message History

The orc hits you but does no damage.
You bludgeon the orc!!
You kill the orc!
The orc warrior hits you from afar with a glaive!!
You hear a shout!
You feel very mighty all of a sudden.
You sock the orc priest!
The orc priest is severely wounded.
The orc warrior hits you from afar with a glaive.
The orc priest mumbles some strange prayers to Beogh against you.
You struggle to resist.
You bludgeon the orc priest!!
You kill the orc priest!
You block the orc warrior's attack.
An orc wizard comes into view. It is wielding a dagger.
The orc wizard shouts!
The orc wizard mumbles some strange words.
The orc wizard blinks!
The orc warrior hits you with a glaive!!
You die...

#..# ##.. #... #..#
#..# #...# ##.# ##.#
##....
{{#.###..##.....
#...........# {
##...........#
#........?...###
#......#.......#.
####....####@.......
.........##.o#......
...........ยง.######..
............?.# #
.......##....##
....... ##...# .......
.....# .... ...##..
.......# ##.<


You could see an orc warrior.

Vanquished Creatures
  An ogre (D:5)
  An ice beast (D:5)
  A phantom (D:5)
  A centaur (D:4)
  Blork the orc (D:4)
  A scorpion (D:5)
  4 hounds
  Crazy Yiuf (D:3)
  An orc priest (D:6)
  An orc wizard (D:4)
  An iguana (D:5)
  A hound zombie (D:5)
  7 adders
  3 oozes
  3 worms
  3 dart slugs
  3 leopard geckos
  6 orcs
  3 ball pythons
  6 giant cockroaches
  7 goblins
  5 hobgoblins
  6 jackals
  A quokka (D:3)
  11 bats
  3 frilled lizards
  10 kobolds
  6 rats
  2 fungi (D:3)
100 creatures vanquished.

Notes
Turn   | Place    | Note
-------+----------+-------------------------------------------
     0 | D:1      | Laiders the Formicid Fighter began the quest for the Orb.
     0 | D:1      | Reached XP level 1. HP: 18/18 MP: 1/1
   199 | D:1      | Reached XP level 2. HP: 22/24 MP: 2/2
   525 | D:1      | Reached skill level 3 in Maces & Flails
   548 | D:1      | Reached XP level 3. HP: 20/29 MP: 3/3
  1205 | D:2      | Reached skill level 4 in Maces & Flails
  1205 | D:2      | Reached XP level 4. HP: 30/35 MP: 4/4
  1738 | D:3      | Reached skill level 5 in Maces & Flails
  1738 | D:3      | Reached XP level 5. HP: 35/41 MP: 5/5
  1821 | D:3      | Found an ornate altar of the Wu Jian Council.
  2311 | D:3      | Found a runed door.
  2315 | D:3      | Noticed Crazy Yiuf
  2327 | D:3      | Killed Crazy Yiuf
  2651 | D:4      | Reached skill level 6 in Maces & Flails
  2651 | D:4      | Reached XP level 6. HP: 40/47 MP: 6/6
  2844 | D:4      | Reached XP level 7. HP: 40/52 MP: 7/7
  2881 | D:4      | Noticed Blork the orc
  2899 | D:4      | Killed Blork the orc
  2899 | D:4      | Reached skill level 7 in Maces & Flails
  3651 | D:5      | Entered Level 5 of the Dungeon
  3692 | D:5      | Reached skill level 8 in Maces & Flails
  3839 | D:5      | Reached XP level 8. HP: 54/58 MP: 8/8
  3997 | D:5      | Found a shattered altar of Ashenzari.
  4168 | D:5      | Found an opulent altar of Gozag.
  4168 | D:5      | Found a glowing golden altar of the Shining One.
  4195 | D:5      | Found a shimmering altar of Xom.
  4212 | D:5      | Found a sacrificial altar of Ru.
  4988 | D:6      | Reached skill level 9 in Maces & Flails
  5059 | D:6      | Slain by an orc warrior

Vault maps used:
D:1:      kennysheep_arrival_seaside, minmay_misc_feat_hallway,
          minmay_close_crescents
D:3:      lemuel_doored_altar, uniq_crazy_yiuf_cottage
D:4:      first_bread, lemuel_old_faithful, uniq_blork_the_orc
D:5:      minmay_overflow_temple_star_hex
D:6:      corexii_shantytown, uniq_eustachio, uniq_grinder

Skill      XL: |  1  2  3  4  5  6  7  8 |
---------------+-------------------------+-----
Maces & Flails | 3 4 5 6 8 9 |  9.1
Fighting       | |  3.2
Armour         | |  3.2
Shields        | |  3.6

Action                   |  1- 3 |  4- 6 |  7- 9 || total
-------------------------+-------+-------+-------++-------
Melee: Flail             |   107 |   178 |   123 ||   408
  Use: Scroll            |       |     6 |     6 ||    12
       Potion            |       |       |     1 ||     1
  Eat: Chunk             |     1 |     5 |     3 ||     9
       Bread ration      |       |       |     1 ||     1
Armor: Scale mail        |    64 |    36 |       ||   100
       Chain mail        |       |    91 |    46 ||   137
Dodge: Dodged            |    41 |    42 |    17 ||   100
Block: Shield            |    68 |   123 |    56 ||   247

Table legend:
 A = Spawn XP
 B = Non-spawn XP
 C = Spawn XP percentage of total XP
 D = Spawn monster count
 E = Non-spawn monster count
 F = Spawn count percentage of total count
 G = Total turns spent on level
                    A         B        C        D         E        F      G
               +---------+---------+-------+---------+---------+-------+---------
         Total |       0 |    1265 |   0.0 |       0 |      98 |   0.0 |  5059
               +---------+---------+-------+---------+---------+-------+---------
           D:1 |       0 |      51 |   0.0 |       0 |      26 |   0.0 |  1092
           D:2 |       0 |      57 |   0.0 |       0 |      24 |   0.0 |   516
           D:3 |       0 |     141 |   0.0 |       0 |      17 |   0.0 |   893
           D:4 |       0 |     382 |   0.0 |       0 |      13 |   0.0 |  1150
           D:5 |       0 |     548 |   0.0 |       0 |      14 |   0.0 |  1308
           D:6 |       0 |      86 |   0.0 |       0 |       4 |   0.0 |   100
               +---------+---------+-------+---------+---------+-------+---------
